 Dungeon Crawl Stone Soup version 0.29.1-15-g9cfb28693d (console) character file.

Game seed: 4288733551257151722

1124 om the Magician (level 8, -6/53 HPs)
             Began as a Mummy Necromancer on Apr 25, 2023.
             Killed by divine providence
             ... invoked by an orc priest
              (10 damage)
             ... on level 5 of the Dungeon.
             The game lasted 00:16:51 (6891 turns).

om the Magician (Mummy Necromancer)                 Turns: 6891, Time: 00:16:52

Health: -6/53      AC:  2    Str: 11    XL:     8   Next: 13%
Magic:  8/16       EV: 13    Int: 16    God:
Gold:   185        SH:  0    Dex: 13    Spells: 11/18 levels left

rFire   x . .      SeeInvis .   d - +0 quarterstaff
rCold   + . .      Faith    .   (shield currently unavailable)
rNeg    + + +      Spirit   .   a - +0 robe
rPois   ∞          Reflect  .   (no helmet)
rElec   .          Harm     .   (no cloak)
rCorr   .          Rampage  .   (no gloves)
Will    +....                   (no boots)
Stlth   ++........              (no amulet)
HPRegen 0.17/turn               (no ring)
MPRegen 0.15/turn               (no ring)

@: no status effects
A: cold resistance 1, negative energy resistance 3, torment resistance 2, heat
vulnerability 1, in touch with death 1, no potions
a: no special abilities


You were on level 5 of the Dungeon.
You visited 1 branch of the dungeon, and saw 5 of its levels.

You collected 185 gold pieces.

Inventory:

Hand Weapons
 d - a +0 quarterstaff (weapon)
 m - a +1 hand axe of flaming
Missiles
 e - a throwing net
Armour
 a - a +0 robe (worn)
Magical Staves
 i - a staff of cold
Wands
 b - a wand of mindburst (8)
Scrolls
 c - a scroll of poison
 f - 2 scrolls of enchant armour
 g - a scroll of fog
 h - 3 scrolls of teleportation
 k - a scroll of silence {unknown}
 l - a scroll of magic mapping {unknown}
 n - a scroll of torment {unknown}


   Skills:
 + Level 0.7 Fighting
 * Level 2.5 Staves
 * Level 3.9 Dodging
 + Level 3.3 Stealth
 * Level 5.7 Spellcasting
 * Level 2.4 Conjurations
 - Level 5.0 Necromancy
 * Level 2.3 Earth Magic


You had 11 spell levels left.
You knew the following spells:

 Your Spells              Type           Power      Damage    Failure   Level
a - Necrotise             Necr           100%       1d9       1%          1
b - Vampiric Draining     Necr           30%        2d8       5%          3
c - Stone Arrow           Conj/Erth      24%        3d8       16%         3

Your spell library contained the following spells:

 Spells                   Type           Power      Damage    Failure   Level
 Apportation              Tloc           8%         N/A       14%         1
 Summon Small Mammal      Summ           16%        N/A       14%         1
 Animate Dead             Necr           30%        N/A       19%         4
 Agony                    Necr           30%        N/A       45%         5
 Animate Armour           Summ/Erth      16%        N/A       65%         4
 Lehudib's Crystal Spear  Conj/Erth      6%         10d3      100%        8


Dungeon Overview and Level Annotations

Branches:
Dungeon (5/15)
 Temple: D:4-7

Altars:
Gozag
Nemelex Xobeh

Shops:
D:4 [


Innate Abilities, Weirdness & Mutations

You are immune to poison.
Your flesh is cold resistant. (rC+)
You are immune to negative energy. (rN+++)
You are immune to unholy pain and torment.
You are vulnerable to heat. (rF-)
You are in touch with the powers of death.
You do not drink.


Message History

The orc wizard attacks as you move away!
The orc wizard hits you with a +0 dagger.
The orc wizard points at you and mumbles some strange words.
You easily resist.
You are too injured to fight recklessly!
Casting: Necrotise (safe; 1% risk of failure)
Confirm with . or Enter, or press ? or * to list all spells.
Aiming: Necrotise (safe; 1% risk of failure)
Press: ? - help, Shift-Dir - straight line, f - orc wizard
Aim: an orc wizard, wielding a +0 dagger and wearing a +0 robe (chance to affect: 83%)
You feel a surge of power!
The orc wizard writhes in agony.
The orc priest calls down the wrath of Beogh upon you.
Beogh smites you!
* * * LOW HITPOINT WARNING * * *
The orc wizard mumbles some strange words.
The orc wizard flickers and vanishes!
Deactivating autopickup; reactivate with Ctrl-A.
Casting: Necrotise (safe; 1% risk of failure)
Confirm with . or Enter, or press ? or * to list all spells.
Aiming: Necrotise (safe; 1% risk of failure)
Press: ? - help, Shift-Dir - straight line, f - orc
Aim: an orc, wielding a +0 hand axe (chance to affect: 93%)
You feel a surge of power!
Something writhes in agony.
The orc priest calls upon Beogh to heal the orc.
The orc's wounds heal themselves!
A magic dart appears from out of thin air!
The magic dart hits you.
* * * LOW HITPOINT WARNING * * *
The orc priest looks encouraged for a moment.
Casting: Necrotise (safe; 1% risk of failure)
Confirm with . or Enter, or press ? or * to list all spells.
Aiming: Necrotise (safe; 1% risk of failure)
Press: ? - help, Shift-Dir - straight line, f - orc
Aim: an orc, wielding a +0 mace (chance to affect: 93%)
You feel a surge of power!
The orc barely resists.
The orc priest looks satisfied for a moment.
Unknown command.
The orc priest calls down the wrath of Beogh upon you.
Beogh smites you!
You die...

.# $. .? ##. .## ...
..# #... .. ..# #..# #.
..# ##..####.##..##.#.
.........o.......
#>.#####.#..##.#.
#..##.{oo#..#
#..##@####.[# #.)##.#
### #.....### #.......#
#.##.#### #.......#
#.##.#### ####
###.##.########..# ###
#......[......##.# #.#
#.#.##.....#..##.####.#
#!#.##................#


You could see an orc priest and 2 orcs.

Vanquished Creatures
  Edmund (D:4)
  A sky beast (D:4)
  3 ogres
  A scorpion (D:4)
  A hound (D:4)
  2 jellies
  2 iguanas
  Natasha (thrice) (D:4)
  An orc wizard (D:4)
  4 hell rats (D:5)
  13 river rats (D:5)
  An adder (D:3)
  2 worms (D:2)
  3 dart slugs
  16 orcs
  8 ball pythons
  3 bats
  8 endoplasms
  3 giant cockroaches
  6 goblins
  3 hobgoblins
  3 jackals (D:3)
  6 quokkas
  11 kobolds
  13 rats
118 creatures vanquished.

Vanquished Creatures (collateral kills)
  3 river rats (D:5)
  An endoplasm (D:3)
  A jackal (D:3)
5 creatures vanquished.

Vanquished Creatures (others)
  15 plants (D:2)
  4 withered plants (D:2)
19 creatures vanquished.

Grand Total: 142 creatures vanquished

Notes
Turn   | Place    | Note
-------+----------+-------------------------------------------
     0 | D:1      | om the Mummy Necromancer began the quest for the Orb.
     0 | D:1      | Reached XP level 1. HP: 13/13 MP: 4/4
   176 | D:1      | Reached XP level 2. HP: 17/19 MP: 0/5
  1090 | D:1      | Gained mutation: You are in touch with the powers of death.
                  | [Mummy growth]
  1090 | D:1      | Reached XP level 3. HP: 23/24 MP: 4/7
  1556 | D:1      | Learned a level 3 spell: Vampiric Draining
  2093 | D:2      | Found a faded altar of an unknown god.
  2565 | D:3      | Reached XP level 4. HP: 30/30 MP: 5/9
  2644 | D:3      | Found a sparkling altar of Nemelex Xobeh.
  3278 | D:4      | Noticed a scorpion
  3282 | D:4      | Killed a scorpion
  3283 | D:4      | Reached XP level 5. HP: 35/35 MP: 5/11
  3287 | D:4      | Learned a level 3 spell: Stone Arrow
  3344 | D:4      | Found Adum's Antique Armour Shoppe.
  3436 | D:4      | Found an opulent altar of Gozag.
  3454 | D:4      | Noticed a sky beast
  3467 | D:4      | HP: 1/35 [sky beast (6)]
  3473 | D:4      | Killed a sky beast
  3474 | D:4      | Reached XP level 6. HP: 2/41 MP: 0/12
  3824 | D:4      | Noticed Natasha
  3829 | D:4      | Killed Natasha
  3830 | D:4      | Reached skill level 1 in Staves
  3960 | D:4      | Reached skill level 1 in Conjurations
  3962 | D:4      | Reached skill level 1 in Earth Magic
  4179 | D:4      | Reached XP level 7. HP: 27/46 MP: 6/14
  4378 | D:4      | Noticed Edmund
  4379 | D:4      | Noticed Natasha
  4386 | D:4      | HP: 1/46 [Edmund/+2 flail of holy wrath (2)]
  4797 | D:4      | Reached skill level 5 in Spellcasting
  5148 | D:4      | Found an opulent altar of Gozag.
  5221 | D:4      | Found Adum's Antique Armour Shoppe.
  5243 | D:4      | Killed Natasha
  5272 | D:4      | Noticed Natasha
  5278 | D:4      | Killed Natasha
  5358 | D:4      | Killed Edmund
  5475 | D:5      | Entered Level 5 of the Dungeon
  5964 | D:5      | Reached skill level 5 in Necromancy
  6631 | D:5      | Reached XP level 8. HP: 53/53 MP: 9/16
  6757 | D:5      | Found the +2 ratskin cloak {*Rats rPois rN+ Str-1 Int-1
                  | Dex+1}
  6891 | D:5      | Killed from afar by an orc priest

Illustrated notes

Levels and vault maps discovered:
D:1:      lightli_arrival_flooded_house, layout_loops_corners
D:2:      layout_loops_cross, ebering_ecumenical_altar_petrified, serial_bayou,
          serial_bayou_lake_a, serial_bayou_pond_e, serial_bayou_pond_c,
          serial_bayou_crossing
D:3:      layout_loops_ring, nemelex_xobeh_ov_fountains_minmay
D:4:      layout_loops_ring, nicolae_overflow_crystal_walls, serial_shops,
          nicolae_stop_n_shop_1, uniq_natasha, uniq_edmund
D:5:      wander_guarded_unrand_ratskin, layout_loops_ring,
          amethyst_overflow_temple_binary, minmay_temple_entry_sparse_star,
          roderic_roman_lattice, minmay_misc_feat_ornament,
          uniq_crazy_yiuf_cottage

Skill      XL: |  1  2  3  4  5  6  7 |
---------------+----------------------+-----
Dodging        | 2 3 |  3.9
Spellcasting   | 3 4 5 |  5.7
Stealth        | 2 3 |  3.3
Staves         | 1 2 |  2.5
Conjurations   | 1 2 |  2.4
Earth Magic    | 1 2 |  2.3
Necromancy     | 5 |  5.0
Fighting       | |  0.7

Action                   |  1- 3 |  4- 6 |  7- 9 || total
-------------------------+-------+-------+-------++-------
Melee: Quarterstaff      |    18 |     3 |     4 ||    25
 Cast: Necrotise         |    93 |    72 |   103 ||   268
       Vampiric Draining |       |     3 |     8 ||    11
       Stone Arrow       |       |       |     9 ||     9
  Use: Scroll            |     3 |     2 |     4 ||     9
Armor: Robe              |     7 |     3 |     1 ||    11
Dodge: Dodged            |    25 |    13 |    28 ||    66
